[Event "Monday 30 April Rapid Engine Tour 12+1 Rounds 9 Starts 1600ST"]
[Site "Infinity Chess"]
[Date "2018.4.30"]
[Round "3"]
[White "THE_MACHINE"]
[Black "Medusa"]
[Result "1-0"]
[ECO "C11"]
[WhiteElo "2558"]
[BlackElo "2476"]
[WhiteEngine "BrainFish_180423_x64_bmi2"]
[BlackEngine "Eman 1.70-beta23 64-bit BMI2"]
[EventType "Swiss"]
[WhiteTeam ""]
[BlackTeam ""]
[PlyCount "217"]
[TimeControl "720+1"]

1. e4 e6 2. d4 d5 3. Nc3 Nf6 4. e5 Nfd7 5. f4 c5 6. Nf3 Be7 7. Be3 Nc6 
8. Qd2 O-O 9. dxc5 Nxc5 10. O-O-O b6 11. Kb1 Bb7 12. Qe1 Qc8 13. f5 exf5 
14. Nxd5 Ne4 15. Nd2 Rd8 16. Nxe4 Rxd5 17. Rxd5 Nb4 18. Nf6+ gxf6 19. Rd2 Qe6 
20. b3 fxe5 21. Bc4 Bd5 22. Bxd5 Nxd5 23. Rf1 f4 24. Rxd5 Qxd5 25. Bxf4 f6 
26. Bc1 b5 27. g4 Rf8 28. h4 a6 29. Qf2 Rd8 30. Qb6 Rc8 31. g5 fxg5 
32. Bxg5 Bxg5 33. hxg5 Qc6 34. Qf2 Qe6 35. Rh1 Rf8 36. Qa7 Rf7 37. Qc5 e4 
38. g6 hxg6 39. Qd4 Qf6 40. Qxe4 Kg7 41. a3 Rd7 42. Qe3 Kf8 43. Ka2 Kg7 
44. Qh3 Rd8 45. Qh7+ Kf8 46. Qb7 Kg8 47. Qh7+ Kf8 48. Qc7 Rd5 49. Qb7 Rd2 
50. Qc8+ Rd8 51. Qb7 Kg8 52. Qc7 Re8 53. Rd1 Qf7 54. Rd7 Qe6 55. Rg7+ Kf8 
56. Rh7 Qf6 57. Qb7 Kg8 58. Rc7 Qe5 59. Qc6 Qe6 60. Qh1 Re7 61. Rc6 Qf5 
62. Qh6 Rg7 63. Qd2 Rf7 64. Rxa6 Qe4 65. Rb6 Rb7 66. Qd8+ Kh7 67. Qd3 Qg2 
68. Re6 Rf7 69. Re8 Qf1 70. Qe4 Kg7 71. Rc8 Qf2 72. Qe5+ Kh6 73. Qxb5 Rf8 
74. Rc6 Qf3 75. Qc4 Kh5 76. Qe6 Qf5 77. Qe2+ Kh6 78. a4 Rc8 79. Rxc8 Qxc8 
80. a5 Qc7 81. a6 Qc5 82. Qc4 Qa7 83. Qc6 Kg5 84. b4 Qb8 85. Qc5+ Kg4 86. a7 Qb7 
87. Kb2 g5 88. Qa5 Qa8 89. Qc7 Qh8+ 90. Qc3 Qa8 91. Qc4+ Kh5 92. Qd4 Qf8 
93. Qb6 Qh8+ 94. Kb1 Qf8 95. Qb7 Qf1+ 96. Kb2 Qf6+ 97. c3 Qf2+ 98. Kb3 Qe1 
99. Qh7+ Kg4 100. a8=Q Qd1+ 101. Qc2 Qxc2+ 102. Kxc2 Kh5 103. b5 g4 104. b6 g3 
105. b7 Kh6 106. b8=Q Kg6 107. Qxg3+ Kf7 108. Qg5 Ke6 109. Qad5# 1-0

[Event "Monday 30 April Rapid Engine Tour 12+1 Rounds 9 Starts 1600ST"]
[Site "Infinity Chess"]
[Date "2018.4.30"]
[Round "2"]
[White "IronMan"]
[Black "hafaba"]
[Result "1/2-1/2 "]
[ECO "A46"]
[WhiteElo "2362"]
[BlackElo "2415"]
[WhiteEngine "Eman 1.70-beta23 64-bit POPCNT"]
[BlackEngine "Eman 1.70-beta21 64-bit POPCNT_CTG"]
[EventType "Swiss"]
[WhiteTeam ""]
[BlackTeam ""]
[PlyCount "209"]
[TimeControl "720+1"]

1. d4 Nf6 2. Nf3 d5 3. Bf4 e6 4. e3 c5 5. Be2 Nc6 6. O-O Bd6 7. dxc5 Bxf4 
8. exf4 Qe7 9. c3 Qxc5 10. Bd3 O-O 11. Re1 Qb6 12. Na3 h6 13. Rb1 Bd7 
14. Nc2 Ng4 15. Qd2 Rac8 16. Ncd4 Nf6 17. Re2 Rfe8 18. h3 Nxd4 19. Nxd4 Qa5 
20. Ra1 Bc6 21. g4 a6 22. f3 Nd7 23. Rae1 Qd8 24. Kg2 Nf8 25. a3 Bd7 26. Bc2 Rb8 
27. f5 exf5 28. Rxe8 Bxe8 29. Bxf5 Bd7 30. Kg3 Bxf5 31. Nxf5 Qc7+ 32. Qf4 Qxf4+ 
33. Kxf4 Ne6+ 34. Ke5 Re8 35. Rd1 d4 36. c4 Kf8 37. Nd6 Re7 38. Kd5 Rd7 
39. Ke5 Re7 40. b4 b5 41. cxb5 Nc7+ 42. Kf4 axb5 43. Nf5 Nd5+ 44. Kg3 Nc3 
45. Rd3 Ra7 46. Nxd4 Rxa3 47. Re3 g6 48. Nc2 Rb3 49. Kh4 Kg7 50. f4 f6 
51. Nd4 Rxb4 52. Ne6+ Kf7 53. Nd8+ Kg8 54. Rxc3 Rxf4 55. Kg3 Rc4 56. Re3 Kf8 
57. Ne6+ Kf7 58. Nd8+ Kf8 59. Ne6+ Kf7 60. Nf4 b4 61. Ne2 Rc2 62. Nd4 Rc4 
63. Ne2 Rc2 64. Nd4 Ra2 65. Re4 Ra7 66. Nb3 Rb7 67. Kf3 Rb5 68. Ke3 h5 
69. Rc4 Kg7 70. Kf4 g5+ 71. Ke4 Kg6 72. Nd4 Rb7 73. Rc2 b3 74. Rb2 Re7+ 
75. Kf3 Rb7 76. Rb1 b2 77. Ke3 Re7+ 78. Kf3 Rd7 79. Ke4 Re7+ 80. Kd3 Rb7 
81. Kc3 Re7 82. Kc2 hxg4 83. hxg4 Re4 84. Kc3 Rxg4 85. Rxb2 Rg3+ 86. Kc4 Re3 
87. Rh2 g4 88. Rb2 Ra3 89. Kb4 Rd3 90. Kc5 Re3 91. Kd6 Re4 92. Ne2 Kg5 
93. Kd5 Re5+ 94. Kd4 Ra5 95. Nc1 Ra4+ 96. Kd5 f5 97. Nd3 Ra3 98. Nc5 g3 
99. Ne6+ Kg4 100. Rb4+ Kh3 101. Nf4+ Kg4 102. Ng2+ Kg5 103. Nf4 Ra5+ 
104. Kd6 Ra1 105. Nh3+ 1/2-1/2

[Event "Monday 30 April Rapid Engine Tour 12+1 Rounds 9 Starts 1600ST"]
[Site "Infinity Chess"]
[Date "2018.4.30"]
[Round "2"]
[White "ocirema"]
[Black "coreoptimist"]
[Result "1/2-1/2"]
[ECO "D30"]
[WhiteElo "2407"]
[BlackElo "2381"]
[WhiteEngine "asmFishW_9_popcnt"]
[BlackEngine "asmFishW_2018-04-25_bmi2_CTG"]
[EventType "Swiss"]
[WhiteTeam ""]
[BlackTeam ""]
[PlyCount "135"]
[TimeControl "720+1"]

1. d4 d5 2. c4 e6 3. Nf3 Nf6 4. Nc3 c6 5. Bg5 h6 6. Bxf6 Qxf6 7. e3 g6 
8. Be2 Nd7 9. O-O Bg7 10. cxd5 exd5 11. b4 a6 12. a4 O-O 13. b5 Qd6 
14. bxc6 bxc6 15. Rb1 Rb8 16. a5 c5 17. Qa4 Bb7 18. dxc5 Nxc5 19. Qa3 Ne4 
20. Qxd6 Nxd6 21. Na4 Bc6 22. Nc5 Rxb1 23. Rxb1 Nc4 24. Nxa6 Nxa5 25. Rd1 Rd8 
26. Nd4 Bb7 27. Nc5 Ba8 28. h4 Nc6 29. Nxc6 Bxc6 30. Bf3 Kf8 31. g3 g5 
32. hxg5 hxg5 33. Rb1 Ke7 34. Rb6 Rd6 35. Kf1 f5 36. Nb7 Re6 37. Nc5 Rd6 
38. Nb7 Re6 39. Na5 Bd7 40. Rb7 Rd6 41. Bd1 Bc3 42. Nb3 Kf6 43. Nd4 f4 
44. gxf4 gxf4 45. Bb3 fxe3 46. fxe3 Bxd4 47. exd4 Bg4 48. Kf2 Bf5 49. Ke3 Be4 
50. Bd1 Kg5 51. Rf7 Re6 52. Rf8 Bc2+ 53. Kd2 Bg6 54. Rg8 Kf6 55. Kc3 Re4 
56. Bb3 Re3+ 57. Kb4 Be4 58. Rh8 Ke7 59. Rb8 Kf6 60. Rf8+ Ke7 61. Rf1 Rd3 
62. Rf4 Rxd4+ 63. Ka3 Rd3 64. Kb4 Rf3 65. Rxf3 Bxf3 66. Kc3 Kd6 67. Ba4 d4+ 
68. Kxd4 1/2-1/2

[Event "Monday 30 April Rapid Engine Tour 12+1 Rounds 9 Starts 1600ST"]
[Site "Infinity Chess"]
[Date "2018.4.30"]
[Round "2"]
[White "star99"]
[Black "angriff"]
[Result "1/2-1/2"]
[ECO "E20"]
[WhiteElo "2439"]
[BlackElo "2438"]
[WhiteEngine "Cryptic Heroes 9.4B"]
[BlackEngine "DracoREX 3.07 64BIT POPCNT_CTG"]
[EventType "Swiss"]
[WhiteTeam ""]
[BlackTeam ""]
[PlyCount "108"]
[TimeControl "720+1"]

1. d4 Nf6 2. c4 e6 3. Nc3 Bb4 4. Nf3 d5 5. Bg5 Nbd7 6. e3 c5 7. cxd5 exd5 
8. Be2 Qa5 9. O-O Bxc3 10. bxc3 c4 11. Qc2 Ne4 12. Rac1 Nb6 13. Bf4 O-O 
14. Nh4 Na4 15. Bxc4 dxc4 16. Qxe4 Nxc3 17. Qc2 Nd5 18. Qxc4 Nxf4 19. exf4 Rd8 
20. Rfe1 Be6 21. Qd3 Qxa2 22. f5 Bd7 23. f6 Qa6 24. Qxa6 bxa6 25. fxg7 a5 
26. Rc5 a4 27. f3 Kxg7 28. Ra5 a6 29. g4 Rdb8 30. Kf2 Rb5 31. Re5 Rxa5 
32. Rxa5 Bb5 33. Nf5+ Kf6 34. Nd6 Rd8 35. Nxb5 axb5 36. Ke3 Ke7 37. Rxb5 Ra8 
38. Ke4 a3 39. Rb1 a2 40. Ra1 Kd6 41. f4 f6 42. Kd3 Kd5 43. Kc3 Ra7 44. f5 h6 
45. h3 Ra3+ 46. Kb4 Ra8 47. Kb3 Kxd4 48. Rxa2 Rxa2 49. Kxa2 Ke5 50. Kb3 h5 
51. gxh5 Kxf5 52. h4 Ke6 53. h6 Kf7 54. h5 Kf8 1/2-1/2

[Event "Monday 30 April Rapid Engine Tour 12+1 Rounds 9 Starts 1600ST"]
[Site "Infinity Chess"]
[Date "2018.4.30"]
[Round "2"]
[White "HerzsjeMZ"]
[Black "Katzenmaier"]
[Result "1/2-1/2"]
[ECO "C11"]
[WhiteElo "2450"]
[BlackElo "2445"]
[WhiteEngine "SugaR.XPrO.1.4.64.POCNT"]
[BlackEngine "Raubfisch X36d1"]
[EventType "Swiss"]
[WhiteTeam ""]
[BlackTeam ""]
[PlyCount "93"]
[TimeControl "720+1"]

1. e4 e6 2. d4 d5 3. Nc3 Nf6 4. e5 Nfd7 5. f4 c5 6. Nf3 Nc6 7. Be3 a6 8. a3 Be7 
9. dxc5 Bxc5 10. Bxc5 Nxc5 11. b4 Nd7 12. Bd3 Qb6 13. Qd2 h6 14. Na4 Qa7 
15. c3 b5 16. Nb2 Bb7 17. a4 d4 18. Nxd4 Nxd4 19. cxd4 Qxd4 20. axb5 axb5 
21. Rxa8+ Bxa8 22. Bxb5 Qe4+ 23. Kd1 Bc6 24. Bd3 Qd5 25. Bc4 Qxg2 26. Qxg2 Bxg2 
27. Rg1 Bf3+ 28. Kd2 g5 29. Bb5 Ke7 30. Ke3 Bh5 31. Bxd7 gxf4+ 32. Kxf4 Rb8 
33. Nd3 Kxd7 34. Rc1 Ke8 35. Rc4 Be2 36. Ke3 Bxd3 37. Kxd3 Rb5 38. Rh4 Ke7 
39. Rxh6 Rxe5 40. Rh8 Rd5+ 41. Kc4 f5 42. Rh7+ Kd6 43. b5 f4 44. b6 Kc6 
45. b7 Rd8 46. Rh6 Kxb7 47. Rxe6 1/2-1/2

[Event "Monday 30 April Rapid Engine Tour 12+1 Rounds 9 Starts 1600ST"]
[Site "Infinity Chess"]
[Date "2018.4.30"]
[Round "2"]
[White "Medusa"]
[Black "Thor"]
[Result "1-0"]
[ECO "D10"]
[WhiteElo "2459"]
[BlackElo "2483"]
[WhiteEngine "Eman 1.70-beta23 64-bit BMI2"]
[BlackEngine "asmFishW_2018-04-08_bmi2"]
[EventType "Swiss"]
[WhiteTeam ""]
[BlackTeam ""]
[PlyCount "195"]
[TimeControl "720+1"]

1. d4 d5 2. c4 c6 3. cxd5 cxd5 4. Bf4 Nc6 5. e3 Nf6 6. Nc3 Bf5 7. Qb3 Na5 
8. Bb5+ Bd7 9. Qc2 e6 10. Bd3 Be7 11. h3 Ne4 12. Nf3 f5 13. O-O Rc8 
14. Rfc1 Nxc3 15. bxc3 O-O 16. a4 Be8 17. Qb2 Bc6 18. Qa2 Bf6 19. g4 Kh8 
20. g5 Be7 21. h4 Be8 22. Ne5 Bd6 23. Be2 h6 24. f3 Bh5 25. Kf2 Kh7 26. Qb2 Qc7 
27. Rab1 b6 28. Ba6 Nc4 29. Bxc4 Bxe5 30. Bxe5 Qxc4 31. a5 Qd3 32. Qe2 Qxe2+ 
33. Kxe2 bxa5 34. Rb7 Rf7 35. Rxf7 Bxf7 36. Rb1 hxg5 37. Rb7 Rf8 38. hxg5 a6 
39. Kd3 Kg6 40. f4 Rc8 41. Rb6 Ra8 42. c4 dxc4+ 43. Kxc4 Kh7 44. Kb3 a4+ 
45. Kxa4 a5 46. Kb3 Ra7 47. Ka3 Ra8 48. Rb7 Kg6 49. Rc7 Ra6 50. Rd7 Ra8 
51. Bd6 Rh8 52. Ra7 Rh3 53. Rxa5 Rxe3+ 54. Kb4 Re1 55. Be5 Rc1 56. Ra6 Kh7 
57. Ra2 Rc8 58. Ra7 Kg6 59. Ra6 Rd8 60. Ra7 Rc8 61. Kb5 Be8+ 62. Kb6 Bf7 
63. Kb7 Rc1 64. Ra6 Kh7 65. Ra5 Bh5 66. Kb8 Bf7 67. Rc5 Ra1 68. Rc7 Kg6 
69. Kc8 Ra2 70. Kd8 Ra8+ 71. Kd7 Kh7 72. Ke7 Kg8 73. Rb7 Be8 74. Kxe6 Ra6+ 
75. Bd6 Kh7 76. d5 Bh5 77. Ke5 Kg8 78. Bc5 Ra8 79. d6 Re8+ 80. Kd4 Re4+ 
81. Kc3 Re8 82. g6 Rd8 83. d7 Bxg6 84. Be7 Ra8 85. Rc7 Kf7 86. Rc8 Ke6 
87. d8=Q Rxc8+ 88. Qxc8+ Kxe7 89. Kd4 Kf6 90. Qc6+ Kf7 91. Ke5 Bh7 92. Kd6 Bg6 
93. Qc7+ Kg8 94. Qd8+ Kh7 95. Ke7 Bh5 96. Kf8 Kh8 97. Qd4 Kh7 98. Qxg7# 1-0

[Event "Monday 30 April Rapid Engine Tour 12+1 Rounds 9 Starts 1600ST"]
[Site "Infinity Chess"]
[Date "2018.4.30"]
[Round "2"]
[White "Gilgamesch"]
[Black "xeonrocks"]
[Result "1/2-1/2"]
[ECO "C50"]
[WhiteElo "2503"]
[BlackElo "2527"]
[WhiteEngine "BrainFish_180408_x64_bmi2"]
[BlackEngine "Stockfish_x64_bmi2_CTG"]
[EventType "Swiss"]
[WhiteTeam ""]
[BlackTeam ""]
[PlyCount "140"]
[TimeControl "720+1"]

1. e4 e5 2. Nf3 Nc6 3. Bc4 Bc5 4. O-O Nf6 5. Re1 Ng4 6. Rf1 Nf6 7. d3 a5 
8. Re1 d6 9. Nbd2 O-O 10. c3 Ba7 11. Nf1 Be6 12. Bb5 Ne7 13. d4 exd4 
14. cxd4 Bg4 15. Ng3 Nh5 16. b3 c6 17. Be2 d5 18. e5 Nxg3 19. hxg3 Nf5 
20. Bb2 Qb6 21. Qd2 Bxf3 22. gxf3 Nxd4 23. Bd1 Rfe8 24. Rc1 Re6 25. Kg2 Rh6 
26. f4 Ne6 27. Ba1 Qd8 28. Bc2 d4 29. Rcd1 Bc5 30. Qe2 g6 31. f5 gxf5 
32. Bxf5 Rg6 33. Qc2 Qd5+ 34. Be4 Qd7 35. Rh1 a4 36. Bb2 Ra5 37. Bc1 axb3 
38. axb3 Bf8 39. Rh5 Rc5 40. Qb1 Bg7 41. Re1 Rb5 42. Qa2 Qd8 43. b4 Rxb4 
44. Rxh7 Kxh7 45. Rh1+ Kg8 46. Bxg6 Rb5 47. f4 Ra5 48. Qc4 fxg6 49. Qxe6+ Kf8 
50. Bd2 Qd5+ 51. Qxd5 Rxd5 52. Kf3 Rb5 53. Ke4 Rb2 54. Rd1 Kf7 55. Kxd4 Bf8 
56. Kd3 Rb3+ 57. Ke4 Rxg3 58. Be3 Ke6 59. Rd8 Be7 60. Re8 Rh3 61. Bc5 Rh7 
62. Bxe7 Rxe7 63. Rf8 Rg7 64. Rf6+ Ke7 65. Kd4 Rf7 66. Rxg6 Rxf4+ 67. Kc5 b6+ 
68. Kxc6 Rf1 69. Kxb6 Re1 70. Rh6 Ra1 1/2-1/2

[Event "Monday 30 April Rapid Engine Tour 12+1 Rounds 9 Starts 1600ST"]
[Site "Infinity Chess"]
[Date "2018.4.30"]
[Round "2"]
[White "Susanne"]
[Black "THE_MACHINE"]
[Result "1/2-1/2"]
[ECO "C53"]
[WhiteElo "2550"]
[BlackElo "2558"]
[WhiteEngine "asmFishW_IX_bmi2_CTG"]
[BlackEngine "BrainFish_180423_x64_bmi2"]
[EventType "Swiss"]
[WhiteTeam ""]
[BlackTeam ""]
[PlyCount "82"]
[TimeControl "720+1"]

1. e4 e5 2. Nf3 Nc6 3. Bc4 Bc5 4. c3 Nf6 5. d3 d6 6. O-O O-O 7. Re1 a5 8. h3 Ba7 
9. Nbd2 Be6 10. b3 h6 11. Nf1 d5 12. exd5 Nxd5 13. Bd2 Qf6 14. N1h2 Rad8 
15. Rc1 Nf4 16. Bxf4 Bxc4 17. bxc4 Qxf4 18. Qc2 f5 19. Rb1 e4 20. dxe4 Bxf2+ 
21. Qxf2 fxe4 22. Qe2 exf3 23. Nxf3 Rde8 24. Qxe8 Rxe8 25. Rxe8+ Kh7 
26. Rxb7 Qc1+ 27. Kf2 Qxc3 28. Rxc7 Qxc4 29. Kg1 Qc1+ 30. Re1 Qc5+ 31. Kf1 Qb5+ 
32. Re2 a4 33. Rd7 Qb1+ 34. Kf2 Qf5 35. Rdd2 Qc5+ 36. Kg3 Ne7 37. Re5 Qc7 
38. Kf2 Qb6+ 39. Kg3 Qc7 40. Kf2 Qb6+ 41. Kg3 Qc7 1/2-1/2

[Event "Monday 30 April Rapid Engine Tour 12+1 Rounds 9 Starts 1600ST"]
[Site "Infinity Chess"]
[Date "2018.4.30"]
[Round "1"]
[White "coreoptimist"]
[Black "Medusa"]
[Result "1/2-1/2"]
[ECO "B33"]
[WhiteElo "2378"]
[BlackElo "2462"]
[WhiteEngine "asmFishW_2018-04-25_bmi2_CTG"]
[BlackEngine "Eman 1.70-beta23 64-bit BMI2"]
[EventType "Swiss"]
[WhiteTeam ""]
[BlackTeam ""]
[PlyCount "202"]
[TimeControl "720+1"]

1. e4 c5 2. Nf3 Nc6 3. d4 cxd4 4. Nxd4 Nf6 5. Nc3 e6 6. Nxc6 bxc6 7. e5 Nd5 
8. Ne4 Qc7 9. f4 Qa5+ 10. Bd2 Qb6 11. Bd3 Nb4 12. Qe2 Rb8 13. Rd1 Be7 
14. b3 Nxd3+ 15. Qxd3 O-O 16. Be3 Qa5+ 17. Qd2 Qd5 18. Qd3 f5 19. exf6 Bxf6 
20. Nxf6+ Rxf6 21. Qd2 a5 22. Qf2 Qf5 23. O-O c5 24. Qd2 c4 25. Bd4 Rg6 
26. Be5 Bb7 27. Rf2 Rf8 28. bxc4 Qe4 29. Rb1 h5 30. Rb3 a4 31. Rd3 Rf7 
32. Rd4 Qf5 33. Rd3 Qe4 34. Rd4 Qf5 35. c5 Bc6 36. Rd3 Qe4 37. Rd4 Qf5 
38. Rd3 Qe4 39. a3 Bb7 40. Bd6 Rf5 41. Be5 Rf7 42. h3 Qc6 43. Bd6 Rf5 
44. Kh2 Rd5 45. Rxd5 Qxd5 46. Qxd5 Bxd5 47. g3 Rf6 48. h4 Kf7 49. Re2 Rh6 
50. Kg1 Rh8 51. Kf2 g6 52. Ke3 Rc8 53. Kd4 Kf6 54. Re3 Bc6 55. Kc3 Rg8 
56. Re5 Rc8 57. Kd4 Ra8 58. Bc7 Rc8 59. Bd6 Ra8 60. Bc7 Ra7 61. Bd8+ Kf7 
62. Bb6 Rb7 63. Re1 Kf6 64. Re2 Bd5 65. Kc3 Rb8 66. Re5 Bc6 67. Kb4 Rc8 
68. Ba5 Rb8+ 69. Bb6 Ke7 70. Re1 Kf6 71. Re2 Rc8 72. Kc3 Bd5 73. Kb4 Bc6 
74. Re1 Rb8 75. Re3 Ke7 76. Kc3 Kf6 77. Re5 Bd5 78. Re1 Kf5 79. Re5+ Kf6 
80. Kd4 Bc6 81. Re1 Bd5 82. Re2 Ba8 83. Kc3 Bf3 84. Re1 Kf5 85. Re5+ Kf6 
86. Kd4 Ba8 87. Re3 Bd5 88. Kc3 Ba8 89. Re1 Rc8 90. Kb4 Bc6 91. Kc3 Bg2 
92. Re5 Bd5 93. Kb4 Bc6 94. Re3 Kf5 95. Kc4 Kg4 96. Rd3 Rf8 97. Bc7 Rc8 
98. Bd6 Ra8 99. Bc7 Ra7 100. Bb6 Bd5+ 101. Kc3 Ra5 1/2-1/2

[Event "Monday 30 April Rapid Engine Tour 12+1 Rounds 9 Starts 1600ST"]
[Site "Infinity Chess"]
[Date "2018.4.30"]
[Round "1"]
[White "Thor"]
[Black "ocirema"]
[Result "1/2-1/2"]
[ECO "D04"]
[WhiteElo "2486"]
[BlackElo "2404"]
[WhiteEngine "asmFishW_2018-04-08_bmi2"]
[BlackEngine "asmFishW_9_popcnt"]
[EventType "Swiss"]
[WhiteTeam ""]
[BlackTeam ""]
[PlyCount "131"]
[TimeControl "720+1"]

1. d4 d5 2. Nf3 Nf6 3. e3 c5 4. c4 cxd4 5. exd4 g6 6. Nc3 Bg7 7. Bg5 O-O 
8. cxd5 Nxd5 9. Qb3 Nxc3 10. bxc3 Qa5 11. Bd2 Qc7 12. Bd3 Be6 13. Qb1 Nc6 
14. O-O Rfd8 15. Be4 Bd5 16. h4 Na5 17. Re1 e6 18. h5 Nc4 19. Bg5 Rd7 20. h6 Bh8 
21. Bxd5 Rxd5 22. Qe4 Rc8 23. Qg4 b6 24. Re2 Qc6 25. Rae1 Qe8 26. Qe4 Qb5 
27. Qg4 Rf5 28. Qg3 Qd5 29. a4 Re8 30. Bh4 Nd6 31. Ng5 Bf6 32. Ne4 Bxh4 
33. Qxh4 Nxe4 34. Rxe4 Rh5 35. Qf4 Qg5 36. Qxg5 Rxg5 37. Re5 Rxe5 38. dxe5 f6 
39. a5 Kf7 40. axb6 axb6 41. exf6 e5 42. Kf1 Kxf6 43. Rd1 Kg5 44. Rd6 Kxh6 
45. Rxb6 Kg5 46. Ke2 Rc8 47. Kd3 h5 48. Ke4 Rxc3 49. Kxe5 Rc5+ 50. Kd4 Rc2 
51. Ke3 Rc5 52. Kd2 Kf5 53. g3 g5 54. f4 g4 55. Ke3 h4 56. gxh4 g3 57. Kf3 Rc3+ 
58. Ke2 Kg4 59. Rg6+ Kf5 60. Rb6 g2 61. Kf2 g1=Q+ 62. Kxg1 Kxf4 63. h5 Rc1+ 
64. Kf2 Rc2+ 65. Kg1 Kg4 66. h6 1/2-1/2

[Event "Monday 30 April Rapid Engine Tour 12+1 Rounds 9 Starts 1600ST"]
[Site "Infinity Chess"]
[Date "2018.4.30"]
[Round "1"]
[White "angriff"]
[Black "Gilgamesch"]
[Result "1/2-1/2"]
[ECO "B90"]
[WhiteElo "2435"]
[BlackElo "2506"]
[WhiteEngine "DracoREX 3.07 64BIT POPCNT_CTG"]
[BlackEngine "BrainFish_180408_x64_bmi2"]
[EventType "Swiss"]
[WhiteTeam ""]
[BlackTeam ""]
[PlyCount "83"]
[TimeControl "720+1"]

1. e4 c5 2. Nf3 d6 3. d4 cxd4 4. Nxd4 Nf6 5. Nc3 a6 6. Be3 e5 7. Nb3 Be6 
8. f3 Nbd7 9. Qd2 Be7 10. g4 O-O 11. O-O-O b5 12. g5 Nh5 13. Kb1 Nb6 14. Na5 Rc8 
15. a3 g6 16. Rg1 Qc7 17. Nd5 Nxd5 18. exd5 Bd7 19. c4 Nf4 20. cxb5 axb5 
21. Bxf4 exf4 22. h4 Bd8 23. Nc6 Bxc6 24. dxc6 Qxc6 25. Bd3 Qxf3 26. Rgf1 Qe3 
27. Rxf4 Qxd2 28. Rxd2 Rc5 29. Rd4 f6 30. b4 Re5 31. Rxd6 fxg5 32. Rxd8 Rxd8 
33. Bc4+ Kg7 34. Rxd8 bxc4 35. hxg5 Rxg5 36. Rd7+ Kf6 37. Rxh7 Rg3 38. Rc7 Rxa3 
39. Rxc4 g5 40. Kc2 Ra2+ 41. Kb3 Ra1 42. b5 1/2-1/2

[Event "Monday 30 April Rapid Engine Tour 12+1 Rounds 9 Starts 1600ST"]
[Site "Infinity Chess"]
[Date "2018.4.30"]
[Round "1"]
[White "xeonrocks"]
[Black "star99"]
[Result "1/2-1/2"]
[ECO "C42"]
[WhiteElo "2531"]
[BlackElo "2435"]
[WhiteEngine "Stockfish_x64_bmi2_CTG"]
[BlackEngine "Cryptic Heroes 9.4B"]
[EventType "Swiss"]
[WhiteTeam ""]
[BlackTeam ""]
[PlyCount "128"]
[TimeControl "720+1"]

1. e4 e5 2. Nf3 Nf6 3. Nxe5 d6 4. Nf3 Nxe4 5. d4 d5 6. Bd3 Nc6 7. Nbd2 Nd6 
8. c3 Bf5 9. Nf1 Bxd3 10. Qxd3 Qe7+ 11. Ne3 Qe4 12. Qe2 O-O-O 13. O-O f6 
14. Re1 Nf5 15. Nd2 Qe6 16. Ndf1 Nxe3 17. Nxe3 Bd6 18. Qf3 Kb8 19. Bd2 Qf7 
20. b3 Rhf8 21. g3 Ne7 22. c4 dxc4 23. bxc4 c6 24. Ba5 Rd7 25. Rad1 h5 
26. Re2 g5 27. Nf5 Nxf5 28. Qxf5 h4 29. Rde1 Bc7 30. Bb4 Rc8 31. Re4 hxg3 
32. hxg3 Qh7 33. Qxf6 Qh5 34. Qf5 Rh8 35. Kg2 Rdd8 36. Be7 Rdg8 37. Re6 Ka8 
38. d5 cxd5 39. Qxd5 Re8 40. Qxg5 Qh3+ 41. Kf3 a6 42. a4 Rxe7 43. Qxe7 Qf5+ 
44. Ke3 Rh7 45. Qe8+ Ka7 46. Re2 Qg5+ 47. Kd3 Qf5+ 48. Kd2 Qb1 49. Ke3 Qb3+ 
50. Ke4 Qxc4+ 51. Kf3 Qd3+ 52. Kg2 Qd1 53. Re1 Qd5+ 54. R6e4 Qf5 55. R1e3 Qh3+ 
56. Kf3 Qf5+ 57. Ke2 Rh2 58. Rf3 Qc5 59. Rh4 Rxh4 60. gxh4 Qc4+ 61. Kd1 Qd5+ 
62. Ke2 Qc4+ 63. Kd1 Qd5+ 64. Ke2 Qc4+ 1/2-1/2

[Event "Monday 30 April Rapid Engine Tour 12+1 Rounds 9 Starts 1600ST"]
[Site "Infinity Chess"]
[Date "2018.4.30"]
[Round "1"]
[White "Katzenmaier"]
[Black "Susanne"]
[Result "1/2-1/2"]
[ECO "E15"]
[WhiteElo "2440"]
[BlackElo "2555"]
[WhiteEngine "Raubfisch X36d1"]
[BlackEngine "asmFishW_IX_bmi2_CTG"]
[EventType "Swiss"]
[WhiteTeam ""]
[BlackTeam ""]
[PlyCount "87"]
[TimeControl "720+1"]

1. d4 Nf6 2. c4 e6 3. Nf3 b6 4. g3 Be7 5. Bg2 Bb7 6. Nc3 O-O 7. O-O Ne4 
8. Bd2 d5 9. cxd5 exd5 10. Qa4 Qd7 11. Qc2 Nxd2 12. Qxd2 Qe6 13. Ng5 Qd7 
14. Rad1 Na6 15. Rfe1 Rad8 16. e4 dxe4 17. Bxe4 Bxe4 18. Rxe4 c5 19. Qe3 Bxg5 
20. Qxg5 Rfe8 21. Rxe8+ Qxe8 22. Qg4 h6 23. h4 cxd4 24. Rxd4 Nc5 25. Qd1 Rxd4 
26. Qxd4 Qe6 27. Kg2 f5 28. Qd8+ Kf7 29. Qc7+ Qd7 30. Qxd7+ Nxd7 31. Kf3 Ne5+ 
32. Ke2 Kg6 33. Nd5 Kf7 34. Nc7 g5 35. hxg5 hxg5 36. f4 gxf4 37. gxf4 Nc6 
38. Kd3 Nb4+ 39. Kd4 Nxa2 40. Ke5 Nb4 41. Kxf5 Nd3 42. b3 Ke7 43. Ke4 Nc5+ 
44. Ke5 1/2-1/2

[Event "Monday 30 April Rapid Engine Tour 12+1 Rounds 9 Starts 1600ST"]
[Site "Infinity Chess"]
[Date "2018.4.30"]
[Round "1"]
[White "THE_MACHINE"]
[Black "HerzsjeMZ"]
[Result "1/2-1/2"]
[ECO "C50"]
[WhiteElo "2563"]
[BlackElo "2445"]
[WhiteEngine "BrainFish_180423_x64_bmi2"]
[BlackEngine "SugaR.XPrO.1.4.64.POCNT"]
[EventType "Swiss"]
[WhiteTeam ""]
[BlackTeam ""]
[PlyCount "141"]
[TimeControl "720+1"]

1. e4 e5 2. Nf3 Nc6 3. Bc4 Bc5 4. O-O Nf6 5. d3 d6 6. c3 O-O 7. h3 a5 8. Re1 Ba7 
9. a4 h6 10. Na3 Ne7 11. d4 exd4 12. cxd4 c6 13. Bd3 d5 14. e5 Ne4 15. Nc2 Be6 
16. Bxe4 dxe4 17. Rxe4 c5 18. Re2 Qd5 19. Rd2 Nf5 20. dxc5 Qxc5 21. Ncd4 Nxd4 
22. Rxd4 Qc7 23. Rf4 Rfc8 24. Qe1 Qc2 25. Nd4 Bxd4 26. Rxd4 Rc5 27. Qe4 Qxe4 
28. Rxe4 Rd5 29. Bf4 Rc8 30. Be3 Bf5 31. Rd4 Rxe5 32. Ra3 Rc2 33. b4 axb4 
34. Rxb4 Re7 35. Rd4 Re6 36. Kh2 Be4 37. a5 h5 38. Rd8+ Kh7 39. Rd2 Rxd2 
40. Bxd2 Bc6 41. Re3 Rd6 42. Bc3 f6 43. f3 h4 44. Re7 Kg6 45. Be1 Rd4 
46. Rc7 Ra4 47. Bc3 Bd5 48. Be1 Ra1 49. Bxh4 Rxa5 50. Be1 Ra2 51. Kg3 Rb2 
52. Bc3 Rc2 53. Rc5 Be6 54. Bb4 Rxc5 55. Bxc5 b5 56. Kf2 Kf5 57. h4 Ke5 
58. Bb4 Bf7 59. Ke3 Kd5 60. Kf4 Kc4 61. Bf8 g5+ 62. hxg5 fxg5+ 63. Kxg5 Bd5 
64. Kf4 Kd3 65. g3 b4 66. g4 b3 67. Bg7 b2 68. Bxb2 Ke2 69. g5 Bxf3 70. g6 Bd5 
71. g7 1/2-1/2

[Event "Monday Night Engine Tour 11 Rd Swiss 5m+1s Starts at 2200hrs ST"]
[Site "Infinity Chess"]
[Date "2018.4.17"]
[Round "10"]
[White "Dovahkiin"]
[Black "ocirema"]
[Result "0-1"]
[ECO "C50"]
[WhiteElo "2411"]
[BlackElo "2465"]
[WhiteEngine "Raubfisch ME262_GTZ16f_CTG"]
[BlackEngine "asmFishW_2018-04-11_popcnt_CTG"]
[EventType "Swiss"]
[WhiteTeam ""]
[BlackTeam ""]
[PlyCount "81"]
[TimeControl "300+1"]

1. e4 e5 2. Nf3 Nc6 3. Bc4 Bc5 4. O-O Nf6 5. d3 d6 6. c3 O-O 7. Bg5 h6 8. Bh4 a5 
9. a4 g5 10. Bg3 Kg7 11. Nbd2 Ba7 12. Re1 Ng8 13. Nf1 h5 14. h3 Nh6 15. d4 g4 
16. Bh4 f6 17. Ng3 Qe8 18. Nh2 Kh8 19. Rc1 Qg6 20. Ba2 f5 21. exf5 Nxf5 
22. Nxf5 Bxf5 23. hxg4 hxg4 24. Qd2 Bb6 25. Nf1 exd4 26. cxd4 Nb4 27. Bc4 d5 
28. Bb3 Nd3 29. Bxd5 Nxc1 30. Rxc1 c6 31. Bc4 Bc7 32. Be7 Rfe8 33. Bh4 Be4 
34. Ng3 Bd8 35. Bxd8 Raxd8 36. Bb3 Qf6 37. Nh5 Qg6 38. Ng3 Bd5 39. Bc2 Qf6 
40. Rf1 Bf7 41. Qxa5 0-1

[Event "Monday Night Engine Tour 11 Rd Swiss 5m+1s Starts at 2200hrs ST"]
[Site "Infinity Chess"]
[Date "2018.4.17"]
[Round "10"]
[White "Seliga"]
[Black "RonWeasley"]
[Result "1/2-1/2"]
[ECO "A06"]
[WhiteElo "2531"]
[BlackElo "2517"]
[WhiteEngine "SF9 ''A5''_CTG"]
[BlackEngine "BrainFish 090218_CTG"]
[EventType "Swiss"]
[WhiteTeam ""]
[BlackTeam ""]
[PlyCount "131"]
[TimeControl "300+1"]

1. Nf3 d5 2. d4 Bf5 3. c4 e6 4. Nc3 Nc6 5. cxd5 exd5 6. Bf4 Nf6 7. e3 Bb4 
8. Bd3 Bxd3 9. Qxd3 Nh5 10. O-O O-O 11. Ne2 Bd6 12. Bxd6 Qxd6 13. Rfc1 Nf6 
14. Qb3 Rab8 15. Rab1 Rfc8 16. Qc2 a6 17. Nc3 Ne7 18. b4 c6 19. h3 g6 
20. Na4 Qc7 21. Nc5 Nf5 22. Ne5 Nd6 23. a4 Ra8 24. Qb3 Nh5 25. Re1 Re8 
26. Rec1 f6 27. Ng4 Kh8 28. Qc2 Qf7 29. Re1 Re7 30. Nh2 Ng7 31. Nf3 Ngf5 
32. Qd3 Rae8 33. Nd2 g5 34. g3 Qh5 35. Qf1 Qg6 36. Qd3 g4 37. h4 Qh5 38. Nf1 b6 
39. Nb3 Nxh4 40. gxh4 Qxh4 41. Ng3 Ne4 42. Qf1 Nxg3 43. fxg3 Qxg3+ 44. Qg2 Rxe3 
45. Rxe3 Qxe3+ 46. Qf2 Kg7 47. b5 axb5 48. axb5 cxb5 49. Nd2 Kg6 50. Rxb5 h5 
51. Nf1 Qxf2+ 52. Kxf2 h4 53. Rxd5 Re4 54. Rd8 Rf4+ 55. Kg1 f5 56. d5 Rd4 
57. Ne3 g3 58. Rh8 b5 59. d6 b4 60. d7 Rxd7 61. Rxh4 Rd3 62. Nxf5 b3 63. Nxg3 b2 
64. Rg4+ Kf6 65. Rf4+ Ke5 66. Rb4 1/2-1/2